 Dungeon Crawl Stone Soup version 0.27-a0-686-gaed091b46b (webtiles) character file.

Game seed: 6355168459627704432

81 Lanoc the Cudgeller (level 4, -1/35 HPs)
             Began as a Vampire Chaos Knight on Mar 20, 2021.
             Was a Plaything of Xom.
             Splashed by Ijyb's acid (15 damage)
             ... on level 3 of the Dungeon.
             The game lasted 00:02:00 (1055 turns).

Lanoc the Cudgeller (Vampire Chaos Knight)          Turns: 1055, Time: 00:02:00

Health: -1/35      AC:  5    Str: 11    XL:     4   Next: 20%
Magic:  4/4        EV: 12    Int: 14    God:    Xom [......]
Gold:   47         SH:  0    Dex: 14    Spells: 3/3 levels left

rFire    . . .     SeeInvis +   a - +0 mace (chaos)
rCold    . . .     Faith    .   (no shield)
rNeg     . . .     Spirit   .   b - +2 leather armour
rPois    .         Reflect  .   (no helmet)
rElec    .         Harm     .   (no cloak)
rCorr    .         Rampage  .   (no gloves)
Will     .....                  (no boots)
Stlth    +.........             (no amulet)
HPRegen  0.31/turn              g - +4 ring of protection
MPRegen  0.09/turn              (no ring)

@: corroded, cleaving, regenerating quickly
A: alive, fangs 3, see invisible, unbreathing 1, vampiric 2
a: Exsanguinate, Renounce Religion


You were on level 3 of the Dungeon.
You worshipped Xom.
You were a very special plaything of Xom.
You visited 1 branch of the dungeon, and saw 3 of its levels.

You collected 73 gold pieces.
You spent 26 gold pieces at shops.

Inventory:

Hand Weapons
 a - a +0 mace of chaos (weapon)
Armour
 b - a +2 leather armour (worn)
Jewellery
 g - a +4 ring of protection (right hand)
Scrolls
 d - a scroll of magic mapping
 h - 3 scrolls of amnesia {unknown}
Potions
 c - a potion of brilliance
 e - a potion of might
 f - 2 potions of haste


   Skills:
 + Level 3.2 Fighting
 * Level 3.4 Maces & Flails
 - Level 0.7 Armour
 + Level 3.1 Dodging


You had 3 spell levels left.
You didn't know any spells.
Your spell library was empty.

Dungeon Overview and Level Annotations

Branches:
Dungeon (3/15)

Altars:
Kikubaaqudgha
Ru

Shops:
D:1 ?

Annotations:
D:3 Ijyb


Innate Abilities, Weirdness & Mutations

Your natural rate of healing is unusually fast.
You have razor-sharp teeth.
You have supernaturally acute eyesight. (SInv)
You can survive without breathing.
You are afflicted with vampirism and can become a bat while bloodless.


Message History

A worm comes into view.
There is a stone staircase leading down here.
A worm is nearby!
You see here 18 gold pieces.
You hit the worm. You burn the worm. You bite the worm.
The worm is heavily wounded.
The worm bites you but does no damage.
You hit the worm.
The worm seems to speed up.
Xom thinks this is hilarious!
The worm is severely wounded.
The worm bites you.
You hit the worm. You freeze the worm.
You kill the worm!
No target in view!
You now have 29 gold pieces (gained 8).
You now have 47 gold pieces (gained 18).
Found 5 poisoned darts.
An orc comes into view. It is wielding a +0 short sword.
The orc shouts!
Ijyb the Twisted Goblin comes into view.
She is carrying a wand of acid (3).
Ijyb shouts!
The orc hits you but does no damage.
Ijyb moves out of view.
You barely miss the orc. Your bite misses the orc.
The orc hits you with a +0 short sword.
You hit the orc.
Space bends around the orc.
You kill the orc!
Xom smiles on you.
Your +0 mace of chaos looks sharp.
Things that are here:
a +0 short sword; a +0 leather armour; an orc corpse You hit Ijyb but do no damage.
Lightning courses through Ijyb! You bite Ijyb.
Ijyb is heavily wounded.
Ijyb grins evilly.
Ijyb zaps a wand.
The bolt of acid misses you.
You hit Ijyb.
Space bends around Ijyb.
Ijyb is almost dead.
Ijyb zaps a wand.
The bolt of acid hits you! The acid corrodes you!
You are splashed with acid!
You die...
Xom laughs nastily!

..##.##........>....###.##
#.## #...##.......## ##.#
...# #....##.##.....###.##
'#######+.##.##<.....#.##
#...# #.##.#........##
#...# #.....###..##.##.###
#..o... ###...
#......(....# ###._.##
#.#.###).########.# .....
#..@#.# .#.r.#.......g..#
#...#....##.#### ##+... ..
. ###


You could see Ijyb.

Vanquished Creatures
  3 adders (D:2)
  A worm (D:3)
  4 dart slugs
  A leopard gecko (D:3)
  2 orcs (D:3)
  4 bats
  A giant cockroach (D:1)
  3 goblins
  4 hobgoblins
  6 jackals
  A kobold (D:1)
  A quokka (D:2)
  4 frilled lizards
  4 rats
39 creatures vanquished.

Notes
Turn   | Place    | Note
-------+----------+-------------------------------------------
     0 | D:1      | Lanoc the Vampire Chaos Knight began the quest for the Orb.
     0 | D:1      | Reached XP level 1. HP: 17/17 MP: 1/1
   121 | D:1      | Reached XP level 2. HP: 23/23 MP: 2/2
   311 | D:1      | Found Tuexar's Magic Scroll Shop.
   319 | D:1      | XOM: butterfly on damage
   356 | D:1      | Bought a scroll of identify for 26 gold pieces
   494 | D:1      | XOM: divination: detect creatures
   571 | D:2      | Noticed an orc warrior
   574 | D:2      | XOM: potion effect (haste)
   644 | D:2      | XOM: potion effect (curing)
   650 | D:2      | Gained mutation: You are afflicted with vampirism and can
                  | become a bat while bloodless. [Vampire growth]
   650 | D:2      | Reached XP level 3. HP: 27/29 MP: 3/3
   664 | D:2      | XOM: silly message
   789 | D:2      | Reached XP level 4. HP: 30/35 MP: 4/4
   898 | D:3      | Found a sacrificial altar of Ru.
   902 | D:3      | Found an ancient bone altar of Kikubaaqudgha.
   902 | D:3      | XOM: 9-stop teleportation journey
  1049 | D:3      | Noticed Ijyb
  1052 | D:3      | XOM: cleaving
  1055 | D:3      | Splashed by Ijyb's acid

Illustrated notes

Levels and vault maps discovered:
D:1:      mrwooster_arrival_statue_3, layout_loops_ring, serial_shops, shop
D:2:      layout_loops_ring, nicolae_wu_jian_immortal_techniques,
          minmay_divided_ellipse
D:3:      layout_loops_ring, nicolae_ru_great_annihilating_truth,
          amethyst_overflow_temple_binary, nrook_mini_vaults, uniq_ijyb

Skill      XL: |  1  2  3 |
---------------+----------+-----
Fighting       | 3 |  3.2
Maces & Flails | 3 |  3.4
Dodging        | 3 |  3.1
Armour         | |  0.7

Action                   |  1- 3 |  4- 6 || total
-------------------------+-------+-------++-------
Melee: Mace              |    90 |    19 ||   109
       Bite              |     5 |     2 ||     7
  Use: Scroll            |     4 |       ||     4
 Stab: Sleeping          |     1 |       ||     1
Armor: Leather armour    |    38 |     3 ||    41
Dodge: Dodged            |    88 |    10 ||    98

Table legend: (Time is in decaauts)
 A = Elapsed time spent in this place.
 B = Non-inter-level travel time spent in this place.
 C = Inter-level travel time spent in this place.
 D = Time resting spent in this place.
 E = Time spent auto-exploring this place.
 F = Levels seen in this place.
 G = Mean time per level.
                   A        B        C        D        E       F      G
               +--------+--------+--------+--------+--------+-----+--------+
         Total |   1062 |   1014 |     48 |      0 |    752 |   3 |  354.0 |
       Dungeon |   1062 |   1014 |     48 |      0 |    752 |   3 |  354.0 |
               +--------+--------+--------+--------+--------+-----+--------+

Top non-repeatable levels by time:
     D:1: 557 daAuts
     D:2: 287 daAuts
     D:3: 217 daAuts
